 Dungeon Crawl Stone Soup version 0.19.5 (webtiles) character file.

42 Firecrotchwizard the Poker (level 3, -2/27 HPs)
             Began as a Merfolk Gladiator on Apr 27, 2017.
             Slain by an adder (3 damage)
             ... on level 2 of the Dungeon.
             The game lasted 00:03:25 (835 turns).

Firecrotchwizard the Poker (Merfolk Gladiator)       Turns: 835, Time: 00:03:26

Health: -2/27      AC:  6    Str: 15    XL:     3   Next: 56%
Magic:  3/3        EV: 12    Int:  8    God:
Gold:   34         SH:  0    Dex: 14    Spells: 0 memorised, 2 levels left

rFire  . . .     SeeInvis +     a - +0 trident
rCold  . . .     Gourm    .     e - +0 ring mail
rNeg   . . .     Faith    .     (no shield)
rPois  .         Spirit   .     c - +0 helmet
rElec  .         Reflect  .     (no cloak)
rCorr  .         Harm     .     (no gloves)
MR     .....                    (no boots)
Stlth  +.........               (no amulet)
                                (no ring)
                                h - ring of see invisible {sInv, !d}

@: lethally poisoned (-2 -> -12)
A: change form in water, swift swim, stealthy swim
a: no special abilities


You were on level 2 of the Dungeon.
You were not hungry.

You visited 1 branch of the dungeon, and saw 2 of its levels.

You collected 34 gold pieces.

Inventory:

Hand Weapons
 a - a +0 trident (weapon)
Missiles
 d - 3 throwing nets {=f, !d}
Armour
 b - a +0 leather armour
 c - a +0 helmet (worn)
 e - a +0 ring mail (worn)
   (You found it on level 1 of the Dungeon)
Jewellery
 h - a ring of see invisible (left hand) {sInv, !d}
   (You found it on level 1 of the Dungeon)
Scrolls
 j - a scroll of fear {unknown}
 k - a scroll of enchant armour {unknown}
 n - a scroll of recharging {unknown}
 o - a scroll of remove curse {unknown}
Potions
 i - a potion of curing {unknown}
 l - a potion of lignification {unknown}
 m - a potion of resistance {unknown}
Comestibles
 f - a bread ration {@e1}
 g - 3 chunks of flesh {@w0}


   Skills:
 - Level 2.1 Fighting
 * Level 6.5 Polearms
 - Level 2.0 Throwing
 - Level 4.0 Dodging


You had 2 spell levels left.
You didn't know any spells.

Dungeon Overview and Level Annotations

Branches:
Dungeon (2/15)

Altars:

Annotations:
D:2 Sigmund


Message History

Sigmund giggles. "Time to reap what you sow."
A giant cockroach comes into view.
The frilled lizard misses you.
You closely miss the frilled lizard.
The frilled lizard completely misses you.
You hit the frilled lizard.
You kill the frilled lizard!
You hit the giant cockroach. The giant cockroach bites you.
You take 2 damage, and have 25/27 hp.
You hit the giant cockroach but do no damage.
The giant cockroach closely misses you.
You closely miss the giant cockroach.
The giant cockroach bites you but does no damage.
Sigmund says, "You will soon forget everything."
You hit the giant cockroach.
You kill the giant cockroach!
You butcher the frilled lizard corpse.
g - 3 chunks of flesh {@w0} (gained 1)
A ball python comes into view.
A ball python is nearby!
No target in view!
No target in view!
No target in view!
An adder comes into view.
The adder hisses angrily.
You see here 7 gold pieces.
You hit the ball python.
You kill the ball python!
An adder comes into view.
The adder hisses angrily.
You see here a ball python corpse.
Attack whom?
Aim: an adder You reach to attack!
You closely miss the adder. You miss the adder. The adder barely misses you.
The adder bites you but does no damage.
You closely miss the adder. The adder bites you.
You take 1 damage, and have 25/27 hp.
You closely miss the adder. The adder bites you but does no damage.
You puncture the adder! The adder barely misses you. x2
The adder completely misses you. The adder bites you.
You are poisoned.
The adder poisons you!
You take 1 damage, and have 24/27 hp.
You feel sick.
You take 1 damage, and have 23/27 hp.
You closely miss the adder.
You feel sick.
You take 1 damage, and have 22/27 hp.
You barely miss the adder. The adder closely misses you. x2
The adder bites you.
You are more poisoned.
The adder poisons you! The adder bites you.
You take 4 damage, and have 18/27 hp.
You feel sick.
You take 1 damage, and have 17/27 hp.
You barely miss the adder.
You feel sick. The adder bites you but does no damage.
You take 1 damage, and have 16/27 hp.
You feel sick.
You take 1 damage, and have 15/27 hp.
You closely miss the adder. The adder misses you. x2
You feel sick.
You take 1 damage, and have 14/27 hp.
You barely miss the adder.
You feel sick. The adder bites you.
You are lethally poisoned!
The adder poisons you!
You take 4 damage, and have 10/27 hp.
You feel sick. The adder closely misses you.
You take 1 damage, and have 9/27 hp.
You puncture the adder!
You kill the adder!
* * * LOW HITPOINT WARNING * * *
You feel sick. The adder barely misses you.
You take 1 damage, and have 8/27 hp.
You hit the adder but do no damage.
* * * LOW HITPOINT WARNING * * *
You feel sick. The adder bites you but does no damage.
You take 1 damage, and have 7/27 hp.
You barely miss the adder.
* * * LOW HITPOINT WARNING * * *
You feel sick. The adder closely misses you.
You puncture the adder!
* * * LOW HITPOINT WARNING * * *
You feel sick. The adder bites you.
* * * LOW HITPOINT WARNING * * *
You are more poisoned.
The adder poisons you!
You take 4 damage, and have 3/27 hp.
You closely miss the adder.
* * * LOW HITPOINT WARNING * * *
You feel sick. The adder barely misses you.
The adder bites you but does no damage.
You take 1 damage, and have 2/27 hp.
You barely miss the adder.
* * * LOW HITPOINT WARNING * * *
You feel sick. The adder closely misses you.
You take 1 damage, and have 1/27 hp.
You hit the adder. The adder bites you.
You die...

#....#.# .## ####....#.#
.... #.........##....
#............... #
#............. # #.
#.............## ..
##†#.........
..#.#.######.$..........
.......@S....#..........
.#############..........
##8## #..########
8...8##..#
.....##..########
.....>#..........
.....##.#########
8...8##.......... ##8##
#.#########


You could see an adder.

Vanquished Creatures
  An adder (D:2)
  A dart slug (D:1)
  A leopard gecko (D:1)
  7 bats (D:1)
  A giant cockroach (D:2)
  6 goblins (D:1)
  3 hobgoblins (D:1)
  A ball python (D:2)
  2 frilled lizards (D:2)
  2 kobolds (D:1)
  4 rats (D:1)
29 creatures vanquished.

Notes
Turn   | Place    | Note
-------+----------+-------------------------------------------
     0 | D:1      | Firecrotchwizard the Merfolk Gladiator began the quest for the Orb.
     0 | D:1      | Reached XP level 1. HP: 16/16 MP: 1/1
   168 | D:1      | Reached skill level 5 in Polearms
   168 | D:1      | Reached XP level 2. HP: 22/22 MP: 2/2
   410 | D:1      | Reached XP level 3. HP: 27/27 MP: 3/3
   421 | D:1      | Reached skill level 6 in Polearms
   790 | D:2      | Noticed Sigmund
   831 | D:2      | HP: 6/27 [poisoned by an adder]
   833 | D:2      | HP: 2/27 [poisoned by an adder]
   835 | D:2      | Slain by an adder

Skill      XL: |  1  2  3 |
---------------+----------+-----
Polearms       | 5 6 |  6.5
Fighting       | |  2.1
Throwing       | |  2.0
Dodging        | |  4.0

Action                   || total
-------------------------++-------
Melee: Trident           ||   100
Armor: Ring mail         ||    26
Dodge: Dodged            ||    52

Vault maps used:
D:1:      dpeg_arrival_pond, minmay_surrounded
D:2:      nicolae_overflow_hidden_temple, minmay_parallelograms,
          grunt_ministairs_6, hex_medium, uniq_sigmund, uniq_natasha

Table legend:
 A = Turns spent in this place as a percentage of turns spent in the entire game.
 B = Non-inter-level travel turns spent in this place as a percentage of non-inter-level travel turns spent in the entire game.
 C = Inter-level travel turns spent in this place as a percentage of turns spent in this place.
 D = Turns resting spent in this place as a percentage of non-inter-level travel turns spent in this place.
 E = Turns spent auto-exploring this place as a percentage of non-inter-level travel turns spent in this place.
 F = Non-inter-level travel turns spent in this place divided by the number of levels of this place that you've seen.
                   A       B       C       D       E      F
               +-------+-------+-------+-------+-------+----------------------
         Total | 100.0 | 100.0 |   0.4 |   0.0 |  14.2 | 123.0
       Dungeon | 100.0 | 100.0 |   0.4 |   0.0 |  14.2 | 123.0
               +-------+-------+-------+-------+-------+----------------------

Table legend:
 A = Kills in this place as a percentage of kills in entire the game.
 B = Kills by you in this place as a percentage of kills by you in the entire game.
 C = Kills by friends in this place as a percentage of kills by friends in the entire game.
 D = Other kills in this place as a percentage of other kills in the entire game.
 E = Experience gained in this place as a percentage of experience gained in the entire game.
 F = Experience gained in this place divided by the number of levels of this place that you have seen.
                   A       B       C       D       E      F
               +-------+-------+-------+-------+-------+----------------------
         Total | 100.0 | 100.0 |  -nan |  -nan | 100.0 |  30.5
       Dungeon | 100.0 | 100.0 |  -nan |  -nan | 100.0 |  30.5
               +-------+-------+-------+-------+-------+----------------------
